 Dungeon Crawl Stone Soup version 0.28-a0-1622-gc30f734a66 (webtiles) character file.

Game seed: 7776001035033378461

82 Ordine the Magician (level 4, -1/24 HPs)
             Began as a Deep Elf Hedge Wizard on Jan 23, 2022.
             Slain by a worm (11 damage)
             ... on level 2 of the Dungeon.
             The game lasted 00:08:18 (2538 turns).

Ordine the Magician (Deep Elf Hedge Wizard)         Turns: 2538, Time: 00:08:18

Health: -1/24      AC:  2    Str:  7    XL:     4   Next: 21%
Magic:  0/13       EV: 13    Int: 21    God:
Gold:   39         SH:  0    Dex: 14    Spells: 4/13 levels left

rFire   . . .      SeeInvis .   i - +3 dagger (flame)
rCold   . . .      Faith    .   (no shield)
rNeg    . . .      Spirit   .   b - +0 robe
rPois   .          Reflect  .   c - +0 hat
rElec   .          Harm     .   (no cloak)
rCorr   .          Rampage  .   (no gloves)
Will    .....                   (no boots)
Stlth   ++........              (no amulet)
HPRegen 0.08/turn               (no ring)
MPRegen 0.13/turn               (no ring)

@: very slightly contaminated
A: no striking features
a: no special abilities


You were on level 2 of the Dungeon.
You visited 1 branch of the dungeon, and saw 2 of its levels.

You collected 39 gold pieces.

Inventory:

Hand Weapons
 i - a +3 dagger of flaming (weapon)
Armour
 b - a +0 robe (worn)
 c - a +0 hat (worn)
Scrolls
 e - a scroll of immolation {unknown}
 f - a scroll of fog {unknown}
 j - 2 scrolls of torment {unknown}
Potions
 a - a potion of berserk rage {unknown}
 d - 2 potions of haste {unknown}
 g - 2 potions of lignification {unknown}
 h - a potion of flight {unknown}
 k - a potion of mutation {unknown}


   Skills:
 - Level 3.0 Dodging
 - Level 3.0 Stealth
 - Level 5.0 Spellcasting
 * Level 2.0 Conjurations
 - Level 2.0 Summonings
 + Level 2.0 Translocations
 + Level 0.1 Fire Magic
 + Level 0.3 Air Magic
 + Level 0.5 Poison Magic


You had 4 spell levels left.
You knew the following spells:

 Your Spells              Type           Power      Damage    Failure   Level
a - Magic Dart            Conj           52%        1d5       4%          1
b - Blink                 Tloc           28%        N/A       7%          2
c - Conjure Flame         Conj/Fire      9%         6-21      21%         3
d - Mephitic Cloud        Conj/Pois/Air  9%         N/A       22%         3

Your spell library contained the following spells:

 Spells                   Type           Power      Damage    Failure   Level
 Call Imp                 Summ           13%        N/A       7%          2
 Slow                     Hex            20%        N/A       11%         1


Dungeon Overview and Level Annotations

Branches:
Dungeon (2/15)

Altars:


Message History

Press: ? - help, Shift-Dir - straight line, f/p - worm
Aim: a worm (moderately wounded, 100% to hit)
The magic dart hits the worm.
The worm is severely wounded.
The worm misses you.
Casting: Magic Dart (safe; 4% risk of failure)
Confirm with . or Enter, or press ? or * to list all spells.
Aiming: Magic Dart (safe; 4% risk of failure)
Press: ? - help, Shift-Dir - straight line, f/p - worm
Aim: a worm (heavily wounded, 100% to hit)
The magic dart hits the worm.
The worm is severely wounded.
You completely miss the worm.
The worm is severely wounded.
The worm bites you.
You completely miss the worm.
The worm is heavily wounded.
The worm bites you.
Your magical contamination has completely faded away.
You are too injured to fight recklessly!
Casting: Magic Dart (safe; 4% risk of failure)
Confirm with . or Enter, or press ? or * to list all spells.
Aiming: Magic Dart (safe; 4% risk of failure)
Press: ? - help, Shift-Dir - straight line, f/p - worm
Aim: a worm (heavily wounded, 100% to hit)
You miscast Magic Dart.
You are very lightly contaminated with residual magic.
Nothing appears to happen.
You hit the worm. You burn the worm.
The worm is severely wounded.
The worm bites you but does no damage.
You hit the worm. You burn the worm.
The worm is almost dead.
You barely miss the worm.
The worm is almost dead.
The worm misses you.
You hit the worm but do no damage.
The worm is almost dead.
The worm bites you!
You die...

...........#####
.##........#P..#........
#########..#...#........
##.#P..#........
######.#####........
##...##...###......
##..........##....
#............#.w#
###............#@########
.................<......#
####......(...#.........#
####.....#...##.#...)...#
.....#########..##.######
#...##### #.###.#
........# #. #.#
..#####†### #. #.# ###
#...## #. #.#


You could see a worm.

Vanquished Creatures
  3 adders (D:2)
  A worm (D:2)
  2 dart slugs (D:2)
  2 ball pythons (D:2)
  2 bats
  4 endoplasms (D:1)
  3 giant cockroaches
  6 goblins
  5 hobgoblins (D:1)
  6 kobolds
  3 quokkas
  A frilled lizard (D:1)
  7 rats
45 creatures vanquished.

Notes
Turn   | Place    | Note
-------+----------+-------------------------------------------
     0 | D:1      | Ordine the Deep Elf Hedge Wizard began the quest for the
                  | Orb.
     0 | D:1      | Reached XP level 1. HP: 10/10 MP: 7/7
   450 | D:1      | Reached XP level 2. HP: 8/15 MP: 0/9
   533 | D:1      | Learned a level 2 spell: Blink
  1170 | D:1      | Found a faded altar of an unknown god.
  1344 | D:1      | Reached XP level 3. HP: 19/19 MP: 4/11
  1717 | D:2      | Reached skill level 5 in Spellcasting
  1870 | D:2      | Learned a level 3 spell: Conjure Flame
  1874 | D:2      | Learned a level 3 spell: Mephitic Cloud
  2283 | D:2      | Reached XP level 4. HP: 24/24 MP: 7/13
  2392 | D:2      | Identified the +1 ice dragon scales of Dejytt {rF- rC++
                  | Int-3 Dex+7}
  2538 | D:2      | Slain by a worm

Illustrated notes

Levels and vault maps discovered:
D:1:      zaba_arrival_water, layout_loops_ring, basic_ecumenical_altar,
          serial_rivers, chequers_serial_rivers_small_3,
          chequers_serial_rivers_small_b, chequers_serial_rivers_small_3,
          chequers_serial_rivers_micro_b
D:2:      layout_rooms, serial_aquarium, aquarium_bridge_straight
          [aquarium_subvault_bridge, aquarium_subvault_balcony,
          aquarium_subvault_bridge, aquarium_subvault_balcony],
          aquarium_window_corner, aquarium_window_1, aquarium_view_2c,
          aquarium_pool_corner, uniq_jessica, uniq_terence

Skill      XL: |  1  2  3  4 |
---------------+-------------+-----
Stealth        | 3 |  3.0
Spellcasting   | 5 |  5.0
Translocations | 2 |  2.0
Dodging        | 3 |  3.0
Conjurations   | 2 |  2.0
Summonings     | 2 |  2.0
Fire Magic     | |  0.1
Air Magic      | |  0.3
Poison Magic   | |  0.5

Action                   |  1- 3 |  4- 6 || total
-------------------------+-------+-------++-------
Melee: Dagger            |     1 |     6 ||     7
 Cast: Magic Dart        |   121 |    22 ||   143
Armor: Robe              |     2 |     1 ||     3
Dodge: Dodged            |    13 |     4 ||    17

Table legend: (Time is in decaauts)
 A = Elapsed time spent in this place.
 B = Non-inter-level travel time spent in this place.
 C = Inter-level travel time spent in this place.
 D = Time resting spent in this place.
 E = Time spent auto-exploring this place.
 F = Levels seen in this place.
 G = Mean time per level.
                   A        B        C        D        E       F      G
               +--------+--------+--------+--------+--------+-----+--------+
         Total |   2555 |   2522 |     33 |    709 |   1475 |   2 | 1277.5 |
       Dungeon |   2555 |   2522 |     33 |    709 |   1475 |   2 | 1277.5 |
               +--------+--------+--------+--------+--------+-----+--------+

Top non-repeatable levels by time:
     D:1: 1727 daAuts
     D:2: 828 daAuts
